 Dungeon Sprint DCSS version 0.22-a0-565-gfc6459a (webtiles) character file.

20098 galech the Wrestler (level 12, -35/127 HPs)
             Began as a Troll Monk on June 28, 2018.
             Was the Champion of Okawaru.
             Annihilated by an azure jelly (41 damage)
             ... in the Dungeon (Sprint III: "The Ten Rune Challenge").
             The game lasted 00:08:44 (2633 turns).

galech the Wrestler (Troll Monk)                    Turns: 2633, Time: 00:08:46

Health: -35/127    AC:  7    Str: 25    XL:     12   Next: 42%
Magic:  12/14      EV: 19    Int:  6    God:    Okawaru [******]
Gold:   5188       SH:  0    Dex: 13    Spells: 11/11 levels left

rFire    . . .     SeeInvis .     - Unarmed
rCold    . . .     Gourm    +   (no shield)
rNeg     . . .     Faith    .   u - +0 robe {MR+}
rPois    .         Spirit   .   h - +2 hat
rElec    .         Reflect  .   (no cloak)
rCorr    .         Harm     .   (gloves unavailable)
MR       +....     NoTele   +   (boots unavailable)
Stlth    +++++.....             (no amulet)
HPRegen  0.71/turn              i - ring of wizardry
MPRegen  0.14/turn              (no ring)

@: heroism
A: large, unfitting armour, claws 3, fast metabolism 3, gourmand, regeneration
1, shaggy fur 1, tough skin 2
a: Heroism, Finesse, Renounce Religion


You were in the Dungeon.
You worshipped Okawaru.
Okawaru was exalted by your worship.
You were very full.

You visited 1 branch You collected 5188 gold pieces.

Inventory:

Hand Weapons
 w - the +8 lajatang of Invincibility {flame, *Slow rElec rPois Dex+3}
   (Okawaru gifted it to you in the Dungeon)

   It has been specially enchanted to burn those struck by it, causing extra
   injury to most foes and up to half again as much damage against particularly
   susceptible opponents.
   Big, fiery blades are also staple armaments of hydra-hunters.
   It affects your dexterity (+3).
   It insulates you from electricity.
   It protects you from poison.
   It may slow you when you take damage.
Armour
 a - a +0 large shield of reflection
 h - a +2 hat (worn)
 r - a +0 hat of see invisible
 u - a +0 robe of magic resistance (worn)
Jewellery
 i - a ring of wizardry (left claw)
Wands
 s - a wand of acid (5)
Scrolls
 k - a scroll of immolation {unknown}
 l - a scroll of identify {unknown}
 m - 2 scrolls of remove curse {unknown}
 o - a scroll of holy word {unknown}
 p - a scroll of fog {unknown}
Potions
 c - 2 potions of lignification {unknown}
 d - 2 potions of heal wounds
 e - a potion of haste
 f - 2 potions of magic
 g - 2 potions of berserk rage
 j - 5 potions of mutation
 n - a potion of brilliance {unknown}
 q - 2 potions of flight
Miscellaneous
 t - a sack of spiders
Comestibles
 b - 5 rations
 v - 2 chunks of flesh


   Skills:
 + Level 10.5(15.5) Fighting
 + Level 11.3(16.3) Dodging
 + Level 5.9(10.9) Stealth
 + Level 22.9(27) Unarmed Combat
 + Level 5.1 Invocations


You had 11 spell levels left.
You didn't know any spells.
Your spell library contained the following spells:

 Spells                   Type           Power        Failure   Level  Hunger
 Magic Dart               Conj           #...         21%         1    ##.....
 Conjure Flame            Conj/Fire      #.......     50%         3    ####...
 Slow                     Hex            #.......     28%         2    ###....
 Mephitic Cloud           Conj/Pois/Air  #.......     50%         3    ####...
 Blink                    Tloc           N/A          28%         2    ###....
 Call Imp                 Summ           #.......     28%         2    ###....


Dungeon Overview and Level Annotations

Branches:
Dungeon (1/1)

Altars:
Cheibriados
Dithmenos
Elyvilon
Fedhas
Gozag
Hepliaklqana
Kikubaaqudgha
Makhleb
Nemelex Xobeh
Okawaru
Qazlal
Ru
Sif Muna
Trog
Uskayaw
Vehumet
Wu Jian
Xom
Yredelemnul
Zin
The Shining One
Beogh
Jiyva
Lugonu

Shops:
D }


Innate Abilities, Weirdness & Mutations

You are too large for most types of armour.
You have claws for hands.
Your metabolism is lightning-fast.
You like to eat raw meat.
Your natural rate of healing is unusually fast.
You are covered in fur. (AC +1)
You have very tough skin. (AC +2)


Message History

You are too injured to fight recklessly!
You are too injured to fight recklessly!
You are too injured to fight recklessly!
You are too injured to fight recklessly!
You are too injured to fight recklessly!
You are too injured to fight recklessly!
You are too injured to fight recklessly!
You are too injured to fight recklessly!
You are too injured to fight recklessly!
You are too injured to fight recklessly!
You are too injured to fight recklessly!
You are too injured to fight recklessly!
The azure jelly jiggles.
You see here a death yak corpse.
The azure jelly hits you. The azure jelly freezes you!!!
* * * LOW HITPOINT WARNING * * *
The azure jelly hits you.
* * * LOW HITPOINT WARNING * * *
The azure jelly freezes you!!!
You die...

▓▓▓▓▓▓▓▓▓▓▓▓▓▓▓▓▓▓▓▓▓▓▓▓▓▓▓▓▓▓▓▓▓
▓...'≈≈≈§≈≈.≈≈♣♣.....♣♣♣♣≈≈≈.....
#≈≈≈§§§≈≈≈♣♣.≈≈≈≈†♣♣'♣≈≈≈≈≈≈≈
#.≈≈§§≈§≈≈.'.....#.≈♣♣♣♣♣♣♣♣♣
#≈≈≈≈≈≈≈≈≈♣♣♣♣♣♣♣#..♣♣
#≈≈.≈§..≈≈♣ ###'♣ ♣♣
#'####'#######♣ ♣♣♣♣.##.
........))...÷.♣♣ ♣...##.
▓#+#############@♣ ♣♣.##.#
▓...#≈......JJ.J.♣ ♣..#.##
▓...'≈≈...######## ♣♣.##.#
▓...#≈≈≈......... ♣♣.##.#
▓...#≈≈≈≈...P.... ♣.....#
#+#############+# #######


You could see 3 azure jellies.

Vanquished Creatures
  Rupert (D)
  Gastronok (D)
  2 dire elephants (D)
  Erolcha (D)
  4 death yaks (D)
  An orc high priest (D)
  2 deep elf knights (D)
  A lindwurm (D)
  4 deep elf magi (D)
  An orc sorcerer (D)
  2 elephants (D)
  2 black mambas (D)
  A rime drake (D)
  2 spiny frogs (D)
  A komodo dragon (D)
  3 wandering mushrooms (D)
  2 tyrant leeches (D)
  8 blink frogs (D)
  A shadow (D)
  4 redbacks (D)
  A spatial vortex (D)
  A swamp drake (D)
  An orc warrior (D)
  A necrophage (D)
  5 two-headed ogres (D)
  A water elemental (D)
  A jelly (D)
  2 orc priests (D)
  3 orc wizards (D)
  A wizard (D)
  A necromancer (D)
  3 humans (D)
  A kobold demonologist (D)
  2 oozes (D)
  A phantom (D)
  10 orcs (D)
  2 rats (D)
  A ballistomycete spore (D)
82 creatures vanquished.

Vanquished Creatures (others)
  2 draconian scorchers (D)
  2 hydras (D)
  3 yaktaurs (D)
  6 hellions (D)
  An electric eel (D)
  7 plants (D)
21 creatures vanquished.

Grand Total: 103 creatures vanquished

Notes
Turn   | Place    | Note
-------+----------+-------------------------------------------
     0 | D        | galech the Troll Monk began the quest for the Orb.
     0 | D        | Reached XP level 1. HP: 22/22 MP: 0/0
     9 | D        | Reached XP level 2. HP: 26/31 MP: 1/1
    58 | D        | Reached skill level 4 in Unarmed Combat
    58 | D        | Reached XP level 3. HP: 13/37 MP: 2/2
    68 | D        | Killed a yaktaur
   140 | D        | Killed a yaktaur
   152 | D        | Killed a hellion
   180 | D        | Killed a white draconian scorcher
   183 | D        | Killed a hellion
   187 | D        | Noticed a water elemental
   192 | D        | Killed a water elemental
   192 | D        | Reached skill level 6 in Unarmed Combat
   192 | D        | Reached XP level 4. HP: 18/49 MP: 3/3
   192 | D        | Killed a hellion
   195 | D        | Killed a hellion
   230 | D        | Killed a white draconian scorcher
   250 | D        | Killed a hellion
   252 | D        | Found a radiant altar of Vehumet.
   252 | D        | Found a deep blue altar of Sif Muna.
   252 | D        | Found an ancient bone altar of Kikubaaqudgha.
   252 | D        | Noticed a wizard
   256 | D        | Noticed an orange demon
   258 | D        | Killed a wizard
   260 | D        | Reached skill level 5 in Dodging
   267 | D        | Killed a hellion
   272 | D        | Found a glowing silver altar of Zin.
   272 | D        | Found a glowing golden altar of the Shining One.
   272 | D        | Found a white marble altar of Elyvilon.
   273 | D        | Noticed a deep elf mage
   278 | D        | Noticed an orange demon
   280 | D        | Killed a deep elf mage
   280 | D        | Reached skill level 10 in Unarmed Combat
   280 | D        | Reached XP level 5. HP: 12/61 MP: 4/4
   280 | D        | Reached XP level 6. HP: 14/68 MP: 5/5
   280 | D        | Reached XP level 7. HP: 16/76 MP: 6/6
   380 | D        | Found a hide-covered altar of Uskayaw.
   380 | D        | Found a roughly hewn altar of Beogh.
   380 | D        | Found an iron altar of Okawaru.
   380 | D        | Found a bloodstained altar of Trog.
   380 | D        | Found an ornate altar of the Wu Jian Council.
   380 | D        | Noticed a human
   380 | D        | Noticed a human
   386 | D        | Killed a human
   392 | D        | Killed a human
   392 | D        | Reached skill level 11 in Unarmed Combat
   397 | D        | Became a worshipper of Warmaster Okawaru
   397 | D        | Reached * piety under Okawaru
   397 | D        | Reached ** piety under Okawaru
   466 | D        | Found a basalt altar of Yredelemnul.
   466 | D        | Found a shadowy altar of Dithmenos.
   466 | D        | Found a sacrificial altar of Ru.
   480 | D        | Noticed a shadow
   483 | D        | Killed a shadow
   483 | D        | Reached XP level 8. HP: 87/87 MP: 7/7
   488 | D        | Found a blossoming altar of Fedhas.
   488 | D        | Found a stormy altar of Qazlal.
   489 | D        | Found a snail-covered altar of Cheibriados.
   489 | D        | Found a burning altar of Makhleb.
   489 | D        | Found a hazy altar of Hepliaklqana.
   489 | D        | Found a shimmering altar of Xom.
   489 | D        | Found an opulent altar of Gozag.
   489 | D        | Found a sparkling altar of Nemelex Xobeh.
   489 | D        | Found a corrupted altar of Lugonu.
   489 | D        | Found a viscous altar of Jiyva.
   497 | D        | Reached skill level 12 in Unarmed Combat
   574 | D        | Noticed a two-headed ogre
   586 | D        | Killed a two-headed ogre
   586 | D        | Reached *** piety under Okawaru
   586 | D        | Reached skill level 13 in Unarmed Combat
   693 | D        | Killed a yaktaur
   723 | D        | Noticed a two-headed ogre
   723 | D        | Noticed Erolcha
   731 | D        | Killed Erolcha
   731 | D        | Reached **** piety under Okawaru
   731 | D        | Reached skill level 14 in Unarmed Combat
   731 | D        | Reached XP level 9. HP: 79/97 MP: 5/8
   737 | D        | Killed a two-headed ogre
   737 | D        | Reached skill level 15 in Unarmed Combat
   828 | D        | Reached ***** piety under Okawaru
  1011 | D        | Noticed an orc high priest
  1049 | D        | Noticed a soul eater
  1054 | D        | Killed an orc high priest
  1054 | D        | Received a gift from Okawaru
  1068 | D        | Reached skill level 16 in Unarmed Combat
  1076 | D        | Found Replipenyrph's Gadget Shop.
  1126 | D        | Noticed an orc sorcerer
  1130 | D        | Noticed a hellwing
  1152 | D        | Killed an orc sorcerer
  1152 | D        | Reached XP level 10. HP: 44/107 MP: 9/9
  1316 | D        | Noticed a deep elf mage
  1316 | D        | Noticed a deep elf knight
  1316 | D        | Noticed a deep elf knight
  1316 | D        | Noticed a deep elf mage
  1316 | D        | Noticed a deep elf mage
  1328 | D        | Killed a deep elf mage
  1328 | D        | Reached skill level 17 in Unarmed Combat
  1343 | D        | Killed a deep elf knight
  1353 | D        | Killed a deep elf mage
  1358 | D        | Killed a deep elf knight
  1358 | D        | Reached skill level 10 in Dodging
  1358 | D        | Reached skill level 18 in Unarmed Combat
  1386 | D        | Killed a deep elf mage
  1527 | D        | Noticed a deep elf mage
  1530 | D        | Noticed a deep elf demonologist
  1532 | D        | Noticed a deep elf annihilator
  1532 | D        | Noticed a deep elf mage
  1640 | D        | Reached skill level 1 in Invocations
  1660 | D        | Noticed a spiny frog
  1660 | D        | Noticed a spiny frog
  1670 | D        | Killed a spiny frog
  1670 | D        | Reached skill level 19 in Unarmed Combat
  1671 | D        | Killed a spiny frog
  1675 | D        | Reached XP level 11. HP: 115/115 MP: 10/10
  1699 | D        | Killed a seven-headed hydra
  1778 | D        | Reached ****** piety under Okawaru
  1835 | D        | Reached skill level 20 in Unarmed Combat
  1908 | D        | Noticed a dire elephant
  1923 | D        | Killed a dire elephant
  1923 | D        | Received a gift from Okawaru
  1923 | D        | Reached skill level 5 in Stealth
  1924 | D        | Noticed a dire elephant
  2066 | D        | Killed a four-headed hydra
  2095 | D        | Noticed Gastronok
  2110 | D        | Killed Gastronok
  2110 | D        | Reached skill level 21 in Unarmed Combat
  2141 | D        | Noticed a lindwurm
  2153 | D        | Killed a lindwurm
  2198 | D        | Killed a dire elephant
  2198 | D        | Reached skill level 10 in Fighting
  2228 | D        | Noticed Rupert
  2240 | D        | Killed Rupert
  2240 | D        | Received a gift from Okawaru
  2240 | D        | Reached skill level 22 in Unarmed Combat
  2240 | D        | Reached XP level 12. HP: 79/126 MP: 8/14
  2285 | D        | Noticed a death yak
  2286 | D        | Noticed a death yak
  2303 | D        | Noticed a death yak
  2322 | D        | Killed a death yak
  2480 | D        | Killed a death yak
  2484 | D        | Noticed a death yak
  2489 | D        | Killed a death yak
  2489 | D        | Received a gift from Okawaru
  2489 | D        | Reached skill level 5 in Invocations
  2502 | D        | Killed a death yak
  2505 | D        | Got a fine lajatang {god gift}
  2506 | D        | Identified the +8 lajatang of Invincibility {flame, *Slow rElec rPois Dex+3} (Okawaru gifted it to you in the Dungeon)
  2616 | D        | Noticed an azure jelly
  2616 | D        | Noticed an azure jelly
  2617 | D        | Noticed an azure jelly
  2617 | D        | Noticed an azure jelly
  2633 | D        | HP: 6/127 [azure jelly (6)]
  2633 | D        | Annihilated by an azure jelly

Vault maps used:
D:        dungeon_sprint_mu

Skill      XL: |  1  2  3  4  5  6  7  8  9 10 11 12 |
---------------+-------------------------------------+-----
Fighting       | 3 4 6 7 8 9 10 | 10.5
Dodging        | 3 4 7 8 9 10 11 | 11.3
Unarmed Combat | 4 6 10 11 14 16 19 22 | 22.9
Stealth        | 2 3 4 5 |  5.9
Invocations    | 1 4 5 |  5.1

Action                   |  1- 3 |  4- 6 |  7- 9 | 10-12 || total
-------------------------+-------+-------+-------+-------++-------
Melee: Unarmed           |    30 |    13 |   105 |   162 ||   310
       Punch             |     2 |     2 |     9 |    19 ||    32
Invok: Heroism           |       |       |     1 |     6 ||     7
       Finesse           |       |       |       |     2 ||     2
  Use: Potion            |       |       |     1 |       ||     1
       Scroll            |       |       |       |     1 ||     1
 Stab: Sleeping          |       |     1 |       |     4 ||     5
  Eat: Chunk             |     2 |       |    14 |    13 ||    29
Armor: Robe              |     7 |     3 |     5 |     6 ||    21
Dodge: Dodged            |     9 |     7 |    53 |    44 ||   113

Table legend:
 A = Spawn XP
 B = Non-spawn XP
 C = Spawn XP percentage of total XP
 D = Spawn monster count
 E = Non-spawn monster count
 F = Spawn count percentage of total count
 G = Total turns spent on level
                    A         B        C        D         E        F      G
               +---------+---------+-------+---------+---------+-------+---------
         Total |       0 |   28712 |   0.0 |       0 |      81 |   0.0 |  2633
               +---------+---------+-------+---------+---------+-------+---------
             D |       0 |   28712 |   0.0 |       0 |      81 |   0.0 |  2633
               +---------+---------+-------+---------+---------+-------+---------
